[Event "FIDE World Junior U20-ch Girls 2025"]
[Site "Petrovac"]
[Date "2025.02.26"]
[Round "2.37"]
[White "Huseynova, Lala"]
[Black "Xu, Luna Yuexiu"]
[Result "1-0"]
[Annotator "NA"]
[ECO "C07"]
[WhiteElo "2032"]
[BlackElo "1903"]
[PlyCount "127"]
[EventDate "2025.02.23"]
[EventType "swiss"]
[EventCountry "MNE"]
[SourceTitle "playchess.com"]
[Source "ChessBase"]
[SourceQuality "1"]
[TimeControl "40/5400+30:1800+30"]

1. e4 e6 2. d4 d5 3. Nd2 c5 4. Ngf3 Nf6 5. exd5 Qxd5 6. Bc4 Qd6 7. dxc5 Qxc5 8. Qe2 Qc7 9. Nb3 Bd6 10. Bg5 Nbd7 11. Nbd4 O-O 12. Nb5 Qa5+ 13. Bd2 Bb4 14. c3 Be7 15. Bf4 a6 16. b4 Bxb4 17. cxb4 Qxb4+ 18. Bd2 Qb2 19. O-O axb5 20. Rfb1 Qc2 21. Bd3 Qc7 22. Rxb5 b6 23. Rc1 Nc5 24. Rb2 Bb7 25. Be3 Rfd8 26. Bb1 Ba6 27. Qe1 Rab8 28. Bd4 Qe7 29. Rxb6 Rxb6 30. Bxc5 Qb7 31. Bxb6 Qxb6 32. Ne5 Qb2 33. Nc6 Rd2 34. Rd1 Rxd1 35. Qxd1 Nd5 36. a4 Be2 37. Qc2 Qxc2 38. Bxc2 Nc7 39. f3 Kf8 40. Kf2 Ba6 41. Ke3 h6 42. Kd4 Ke8 43. Kc5 Bf1 44. g3 Bg2 45. Kd6 Nd5 46. Be4 Nc3 47. a5 Bf1 48. Nb8 Kd8 49. Bb7 Nb5+ 50. Kc6 Nd4+ 51. Kb6 g5 52. Nc6+ Nxc6 53. Kxc6 g4 54. fxg4 f5 55. gxf5 exf5 56. Kd6 Ke8 57. a6 Bxa6 58. Bxa6 Kf7 59. Ke5 Kg6 60. Bd3 Kh5 61. Bxf5 Kg5 62. h4+ Kh5 63. Bh3 Kg6 64. g4 1-0

[Event "FIDE World Junior U20-ch Girls 2025"]
[Site "Petrovac"]
[Date "2025.02.26"]
[Round "2.38"]
[White "Morales Perez, Ghisell"]
[Black "Radenkovic, Mila"]
[Result "1/2-1/2"]
[Annotator "NA"]
[ECO "B07"]
[WhiteElo "1902"]
[BlackElo "2027"]
[PlyCount "45"]
[EventDate "2025.02.23"]
[EventType "swiss"]
[EventCountry "MNE"]
[SourceTitle "playchess.com"]
[Source "ChessBase"]
[SourceQuality "1"]
[TimeControl "40/5400+30:1800+30"]

1. d4 Nf6 2. Nc3 g6 3. e4 d6 4. Be3 Bg7 5. Qd2 O-O 6. O-O-O c6 7. f3 h5 8. h3 Qc7 9. g4 Nbd7 10. gxh5 Nxh5 11. Nge2 b5 12. Nf4 Ng3 13. Rg1 Nxf1 14. Rdxf1 Nb6 15. Nxg6 Nc4 16. Qg2 fxg6 17. Qxg6 e5 18. Bh6 Rf7 19. Bxg7 Rxg7 20. Qe8+ Kh7 21. Qh5+ Kg8 22. Qe8+ Kh7 23. Qh5+ 1/2-1/2

[Event "FIDE World Junior U20-ch Girls 2025"]
[Site "Petrovac"]
[Date "2025.02.26"]
[Round "2.39"]
[White "Karacsonyi, Luca"]
[Black "Hernandez, Lexie Grace"]
[Result "0-1"]
[Annotator "NA"]
[ECO "B10"]
[WhiteElo "2026"]
[BlackElo "1892"]
[PlyCount "136"]
[EventDate "2025.02.23"]
[EventType "swiss"]
[EventCountry "MNE"]
[SourceTitle "playchess.com"]
[Source "ChessBase"]
[SourceQuality "1"]
[TimeControl "40/5400+30:1800+30"]

1. e4 c6 2. Nf3 d5 3. exd5 cxd5 4. Ne5 Nf6 5. d4 Nc6 6. Bb5 Qb6 7. c4 Bd7 8. O-O Nxe5 9. dxe5 Bxb5 10. cxb5 Nd7 11. Qxd5 e6 12. Qb3 Nxe5 13. Nc3 Be7 14. Be3 Qc7 15. b6 axb6 16. Nb5 Qc6 17. Rac1 Bc5 18. Bf4 Ng6 19. Nc7+ Ke7 20. Bg5+ f6 21. Nxa8 fxg5 22. Qg3 Rxa8 23. b4 h6 24. bxc5 Nf4 25. Rc2 bxc5 26. f3 Qd5 27. Qf2 b6 28. Rd2 Qf5 29. Rfd1 Nd5 30. Re1 Kf7 31. Qe2 Rd8 32. Qe4 Qf6 33. Rb1 Rd6 34. Qa4 Qf4 35. Qa7+ Kg6 36. Rbd1 c4 37. Rd4 Qe3+ 38. Kh1 c3 39. Qa4 b5 40. Qc2+ Kf6 41. h4 gxh4 42. Rg4 g5 43. Qh7 h3 44. Qxh6+ Kf7 45. Qxh3 Kg6 46. Qh8 Nf6 47. Rxd6 Qe1+ 48. Kh2 Qe5+ 49. Kh3 Qxd6 50. Rxg5+ Kxg5 51. Qg7+ Kf5 52. g4+ Ke5 53. Qg5+ Kd4 54. Qxf6+ Qe5 55. Qd8+ Ke3 56. Qd1 Kf2 57. Qc2+ Kxf3 58. Qg2+ Ke3 59. Qg1+ Kd2 60. Qf2+ Kd3 61. Qf1+ Qe2 62. Qb1+ Kd2 63. Qb4 Qc4 64. Qa5 b4 65. Qg5+ Kd1 66. Qd8+ Qd5 67. Qf6 Qd3+ 68. Kh2 c2 0-1

[Event "FIDE World Junior U20-ch Girls 2025"]
[Site "Petrovac"]
[Date "2025.02.26"]
[Round "2.40"]
[White "Djendjinovic, Ines"]
[Black "Romany, Joy"]
[Result "1/2-1/2"]
[Annotator "NA RC"]
[ECO "D02"]
[WhiteElo "1841"]
[BlackElo "2025"]
[PlyCount "125"]
[EventDate "2025.02.23"]
[EventType "swiss"]
[EventCountry "MNE"]
[SourceTitle "playchess.com"]
[Source "ChessBase"]
[SourceQuality "1"]
[TimeControl "40/5400+30:1800+30"]

1. d4 Nf6 2. Bf4 d5 3. Nf3 c5 4. e3 Nc6 5. c3 Qb6 6. Qc1 Bf5 7. dxc5 Qxc5 8. Nbd2 Nh5 9. Bg3 Nxg3 10. hxg3 e5 11. Nb3 Qd6 12. Be2 Be7 13. Qd2 Rc8 14. Rd1 Rd8 15. O-O O-O 16. Ne1 Qh6 17. Nc2 Rfe8 18. Bd3 Bg4 19. Be2 Be6 20. Qe1 Rd7 21. c4 Red8 22. cxd5 Rxd5 23. Rxd5 Bxd5 24. Qc3 Qe6 25. Rd1 Rc8 26. Qd3 Bxb3 27. axb3 Rd8 28. Qc4 Rxd1+ 29. Bxd1 Qd6 30. Bf3 Kf8 31. Qd5 Qc7 32. Qc4 Qd7 33. Qd5 Ke8 34. Qxd7+ Kxd7 35. Bd5 f5 36. e4 Kd6 37. f3 Bg5 38. Bg8 fxe4 39. Bxh7 e3 40. Kf1 Nd4 41. Nxd4 exd4 42. Ke2 Kc5 43. Bg8 b5 44. g4 Bf4 45. Kd3 a5 46. Bf7 Kd6 47. Be8 Kc5 48. Bd7 Kb4 49. Be6 a4 50. bxa4 bxa4 51. Bd5 Kc5 52. Be6 Bg3 53. Bf7 g5 54. Ke2 Bc7 55. Be8 Kb4 56. Bf7 Ba5 57. Be6 Bb6 58. Bf7 Bc5 59. Kd3 Bb6 60. Be6 Ka5 61. Bf7 Bc5 62. Bc4 Kb6 63. g3 1/2-1/2

[Event "FIDE World Junior U20-ch Girls 2025"]
[Site "Petrovac"]
[Date "2025.02.26"]
[Round "2.41"]
[White "Shohradova, Lala"]
[Black "Blauhut, Anna"]
[Result "1-0"]
[Annotator "NA"]
[ECO "D21"]
[WhiteElo "2025"]
[BlackElo "1837"]
[PlyCount "39"]
[EventDate "2025.02.23"]
[EventType "swiss"]
[EventCountry "MNE"]
[SourceTitle "playchess.com"]
[Source "ChessBase"]
[SourceQuality "1"]
[TimeControl "40/5400+30:1800+30"]

1. d4 d5 2. c4 dxc4 3. Nf3 c6 4. e3 Be6 5. a4 Nf6 6. Na3 Na6 7. Nxc4 Bxc4 8. Bxc4 e6 9. O-O Nc7 10. Bd3 Be7 11. e4 c5 12. dxc5 Bxc5 13. Qc2 Nd7 14. Bf4 Rc8 15. b4 Bxb4 16. Qb2 Bc5 17. Qxg7 Qf6 18. Qg3 Qd8 19. Rad1 f6 20. Be2 1-0

[Event "FIDE World Junior U20-ch Girls 2025"]
[Site "Petrovac"]
[Date "2025.02.26"]
[Round "2.42"]
[White "Djukic, Katarina"]
[Black "Blokhin, Sofia"]
[Result "0-1"]
[Annotator "NA"]
[ECO "B01"]
[WhiteElo "1786"]
[BlackElo "2020"]
[PlyCount "70"]
[EventDate "2025.02.23"]
[EventType "swiss"]
[EventCountry "MNE"]
[SourceTitle "playchess.com"]
[Source "ChessBase"]
[SourceQuality "1"]
[TimeControl "40/5400+30:1800+30"]

1. e4 d5 2. exd5 Qxd5 3. Nc3 Qd6 4. d4 Nf6 5. Nf3 a6 6. Bd3 g6 7. O-O Bg7 8. h3 O-O 9. Ne2 Nc6 10. Bf4 Qd8 11. c4 e6 12. Rc1 Nh5 13. Be3 f5 14. Qd2 e5 15. dxe5 Nxe5 16. Nxe5 Bxe5 17. f4 Bg7 18. Rfd1 Be6 19. Nc3 c6 20. Na4 Qc7 21. Qf2 Rfe8 22. b3 Bf7 23. g4 fxg4 24. hxg4 Rxe3 25. Qxe3 Nxf4 26. Bf1 Re8 27. Qf3 c5 28. Re1 Bd4+ 29. Kh1 Rf8 30. Qe4 Be8 31. Qxe8 Rxe8 32. Rxe8+ Kf7 33. Re4 Qc6 34. Rce1 g5 35. Kh2 Qh6+ 0-1

[Event "FIDE World Junior U20-ch Girls 2025"]
[Site "Petrovac"]
[Date "2025.02.26"]
[Round "2.43"]
[White "Lindstad, Livia"]
[Black "Kaloki, Zuri"]
[Result "1-0"]
[Annotator "NA"]
[ECO "C54"]
[WhiteElo "2017"]
[BlackElo "1784"]
[PlyCount "107"]
[EventDate "2025.02.23"]
[EventType "swiss"]
[EventCountry "MNE"]
[SourceTitle "playchess.com"]
[Source "ChessBase"]
[SourceQuality "1"]
[TimeControl "40/5400+30:1800+30"]

1. e4 e5 2. Nf3 Nc6 3. Bc4 Bc5 4. c3 Nf6 5. d3 a6 6. Bb3 d6 7. O-O O-O 8. Re1 Be6 9. Bc2 Ng4 10. d4 exd4 11. cxd4 Nxd4 12. Nxd4 Qh4 13. Be3 Qxh2+ 14. Kf1 Nxe3+ 15. fxe3 Bxd4 16. exd4 f5 17. e5 Bd5 18. Qd2 f4 19. Ke2 f3+ 20. Kd1 fxg2 21. Qd3 Rf3 22. Qxh7+ Qxh7 23. Bxh7+ Kxh7 24. Nd2 Rf2 25. Kc2 Bc4 26. Rg1 Raf8 27. Kc3 Bb5 28. a4 Bf1 29. e6 d5 30. Re1 Re8 31. Re3 Kg6 32. Nxf1 Rxf1 33. Rxg2+ Kf6 34. Reg3 Re1 35. Rxg7 R8xe6 36. Rxc7 Rc1+ 37. Rc2 Rxc2+ 38. Kxc2 Rc6+ 39. Rxc6+ bxc6 40. Kc3 Kf5 41. Kb4 Ke4 42. Kc5 a5 43. b4 axb4 44. Kxb4 Kxd4 45. a5 c5+ 46. Ka3 c4 47. a6 Kc3 48. a7 d4 49. a8=Q d3 50. Qh8+ Kc2 51. Qb2+ Kd1 52. Kb4 Ke1 53. Kc3 Kf1 54. Kxc4 1-0

[Event "FIDE World Junior U20-ch Girls 2025"]
[Site "Petrovac"]
[Date "2025.02.26"]
[Round "2.44"]
[White "Ajradinoska, Indzi"]
[Black "Li, Anna Sofie"]
[Result "1-0"]
[Annotator "NA"]
[ECO "D04"]
[WhiteElo "1761"]
[BlackElo "2016"]
[PlyCount "111"]
[EventDate "2025.02.23"]
[EventType "swiss"]
[EventCountry "MNE"]
[SourceTitle "playchess.com"]
[Source "ChessBase"]
[SourceQuality "1"]
[TimeControl "40/5400+30:1800+30"]

1. d4 d5 2. Nf3 Nf6 3. e3 c5 4. Bd3 Nc6 5. b3 cxd4 6. exd4 Bg4 7. Bb2 e6 8. O-O Bd6 9. Nbd2 O-O 10. Re1 Nb4 11. Nf1 Rc8 12. c3 Nxd3 13. Qxd3 Ne4 14. Ng3 f5 15. c4 Rf6 16. Ne5 dxc4 17. Nxc4 Rh6 18. Bc1 Bxg3 19. fxg3 g5 20. Bb2 Qe8 21. Ne3 Qh5 22. Nf1 Rf8 23. d5 e5 24. Bxe5 f4 25. d6 f3 26. Qc4+ Be6 27. Qc7 f2+ 28. Kh1 Nxg3+ 29. Bxg3 fxe1=Q 30. Rxe1 Qe2 31. Qc1 Rhf6 32. Qxg5+ Rg6 33. Qc1 Qb5 34. Nd2 Rgf6 35. Nf3 Bd7 36. Re5 Qd3 37. Re3 Rc8 38. Qxc8+ Bxc8 39. Rxd3 Bd7 40. Kg1 Kf8 41. Bh4 Rf5 42. Kf2 Rc5 43. Rd2 a5 44. Ke3 b6 45. h3 h5 46. Bd8 Rb5 47. Rd4 Ke8 48. Bh4 Rc5 49. Nd2 b5 50. Ne4 Re5 51. Kd3 Kf7 52. Ng5+ Kg6 53. Nf3 Rc5 54. g4 hxg4 55. hxg4 a4 56. b4 1-0

[Event "FIDE World Junior U20-ch Girls 2025"]
[Site "Petrovac"]
[Date "2025.02.26"]
[Round "2.45"]
[White "Zeliantsova, Kseniya"]
[Black "Saraci, Rinesa"]
[Result "1-0"]
[Annotator "ChessBase"]
[ECO "C90"]
[WhiteElo "1999"]
[BlackElo "1751"]
[PlyCount "145"]
[EventDate "2025.02.23"]
[EventType "swiss"]
[EventCountry "MNE"]
[SourceTitle "playchess.com"]
[Source "ChessBase"]
[SourceQuality "1"]
[TimeControl "40/5400+30:1800+30"]

1. e4 e5 2. Nf3 Nc6 3. Bb5 a6 4. Ba4 Nf6 5. d3 b5 6. Bb3 Be7 7. O-O O-O 8. Re1 d6 9. c3 Bb7 10. Nbd2 Qd7 11. Nf1 Na5 12. Bc2 Rfe8 13. Ng3 Bf8 14. Bg5 Be7 15. Nf5 h6 16. Bh4 c5 17. h3 Bd8 18. Nh2 Kh8 19. Qd2 Nh7 20. Re3 d5 21. Qe2 dxe4 22. dxe4 Bxh4 23. Nxh4 Nc4 24. Rd3 Qc6 25. Rg3 g6 26. b3 Nd6 27. Re1 Nf6 28. Qe3 g5 29. Qf3 Re6 30. Nf5 Nxf5 31. Qxf5 Rf8 32. Ng4 Nxg4 33. Qxg4 Rf6 34. Qh5 Rg6 35. h4 Qf6 36. Ree3 Qf4 37. hxg5 Kh7 38. gxh6 Rxh6 39. Qd1 Rg8 40. Ref3 Qh4 41. Rh3 Qe7 42. Rxh6+ Kxh6 43. Qd2+ Rg5 44. Rd3 Bc8 45. Rd8 Be6 46. Qd6 Qxd6 47. Rxd6 Kg7 48. Rxa6 Bh3 49. g3 Bg4 50. Kg2 Rg6 51. Ra5 Be2 52. a4 bxa4 53. Rxa4 Rf6 54. Ra5 Bf3+ 55. Kf1 Rd6 56. Ke1 Rc6 57. Kd2 f6 58. Bd3 Bg2 59. Ke3 Kg6 60. Bc4 Kg5 61. Bd5 Rc7 62. Ra6 Bf1 63. Rc6 Ra7 64. Rxc5 Ra2 65. Bc4 Bg2 66. b4 Rc2 67. Bd3 Rb2 68. b5 Rb3 69. Rc6 Bh3 70. b6 Bd7 71. Rc7 Be6 72. b7 Kg6 73. Ba6 1-0

[Event "FIDE World Junior U20-ch Girls 2025"]
[Site "Petrovac"]
[Date "2025.02.26"]
[Round "2.46"]
[White "Trifoi, Mihaela-Ioana"]
[Black "Balent, Sara"]
[Result "1-0"]
[Annotator "NA"]
[ECO "C02"]
[WhiteElo "1990"]
[BlackElo "1653"]
[PlyCount "61"]
[EventDate "2025.02.23"]
[EventType "swiss"]
[EventCountry "MNE"]
[SourceTitle "playchess.com"]
[Source "ChessBase"]
[SourceQuality "1"]
[TimeControl "40/5400+30:1800+30"]

1. e4 e6 2. d4 d5 3. e5 c5 4. c3 Nc6 5. Nf3 Bd7 6. Be2 Nge7 7. O-O cxd4 8. cxd4 Nf5 9. Nc3 Be7 10. a3 O-O 11. b4 Rc8 12. Bb2 f6 13. Re1 fxe5 14. dxe5 Nh4 15. Qd3 Nxf3+ 16. Bxf3 Rf5 17. Nxd5 exd5 18. e6 Rg5 19. exd7 Qxd7 20. h4 Rg6 21. Qxd5+ Qxd5 22. Bxd5+ Kf8 23. h5 Rg5 24. Bf3 Bd6 25. Rac1 Rc7 26. Rcd1 Be7 27. Bc1 Rf5 28. Bg4 Rf7 29. g3 Bf6 30. Bf4 Bc3 31. Bd6+ 1-0

[Event "FIDE World Junior U20-ch Girls 2025"]
[Site "Petrovac"]
[Date "2025.02.28"]
[Round "3.1"]
[White "Shukhman, Anna"]
[Black "Allahverdiyeva, Ayan"]
[Result "0-1"]
[Annotator "ChessBase"]
[ECO "B90"]
[WhiteElo "2365"]
[BlackElo "2284"]
[PlyCount "70"]
[EventDate "2025.02.23"]
[EventType "swiss"]
[EventCountry "MNE"]
[SourceTitle "playchess.com"]
[Source "ChessBase"]
[SourceQuality "1"]
[TimeControl "40/5400+30:1800+30"]

1. e4 c5 2. Nf3 d6 3. d4 cxd4 4. Nxd4 Nf6 5. Nc3 a6 6. h3 e5 7. Nb3 Be7 8. g4 h6 9. Be3 b5 10. a4 bxa4 11. Rxa4 Bd7 12. Ra1 Nc6 13. Nd5 O-O 14. Bg2 a5 15. Bb6 Qc8 16. Nxe7+ Nxe7 17. O-O a4 18. Qxd6 Qxc2 19. Nd4 exd4 20. Qxe7 Ra6 21. Bxd4 Re8 22. Qb4 Nxe4 23. Rfe1 Rae6 24. Rac1 Qd3 25. Re3 Qa6 26. Rc7 Bc6 27. Bf1 Qa8 28. Bg2 Bd5 29. Ra7 Qc8 30. Qxa4 Qc1+ 31. Kh2 Bc6 32. Qa3 Qd2 33. Bb6 Nxf2 34. Rg3 Re2 35. Qb4 Qxb4 0-1

[Event "FIDE World Junior U20-ch Girls 2025"]
[Site "Petrovac"]
[Date "2025.02.28"]
[Round "3.2"]
[White "Nurman, Alua"]
[Black "Hrebenshchykova, Yelyzaveta"]
[Result "1/2-1/2"]
[Annotator "ChessBase"]
[ECO "C72"]
[WhiteElo "2336"]
[BlackElo "2259"]
[PlyCount "110"]
[EventDate "2025.02.23"]
[EventType "swiss"]
[EventCountry "MNE"]
[SourceTitle "playchess.com"]
[Source "ChessBase"]
[SourceQuality "1"]
[TimeControl "40/5400+30:1800+30"]

1. e4 e5 2. Nf3 Nc6 3. Bb5 a6 4. Ba4 d6 5. O-O Bd7 6. c3 g6 7. d4 Bg7 8. h3 Nf6 9. Re1 O-O 10. Bc2 Re8 11. Nbd2 b5 12. Nf1 Na5 13. b3 c5 14. d5 Nh5 15. Bg5 Qc7 16. Qd2 Nb7 17. Ng3 Nf4 18. Bxf4 exf4 19. Ne2 b4 20. Qxf4 bxc3 21. Qe3 Bb5 22. Nxc3 Qa5 23. e5 dxe5 24. g4 e4 25. Nxe4 Nd6 26. b4 Qd8 27. a4 Nxe4 28. Bxe4 Bxa1 29. Rxa1 Bc4 30. Rd1 f5 31. gxf5 gxf5 32. Ne5 Qf6 33. f4 fxe4 34. Nxc4 Ra7 35. bxc5 Kh8 36. Kh2 Rg7 37. d6 Reg8 38. Rd2 Qa1 39. d7 Qf1 40. Qf2 Qxf2+ 41. Rxf2 Rxd7 42. Nd6 e3 43. Re2 Rc7 44. Rxe3 Rxc5 45. Re2 Rc3 46. f5 Rf8 47. f6 h6 48. Re6 Rb8 49. Re2 Rc6 50. f7 Rf8 51. Re8 Kg7 52. Re6 Rc2+ 53. Kg3 Ra2 54. Nf5+ Kxf7 55. Rxa6 h5 1/2-1/2

[Event "FIDE World Junior U20-ch Girls 2025"]
[Site "Petrovac"]
[Date "2025.02.28"]
[Round "3.3"]
[White "Karmanova, Olga Dm."]
[Black "Kairbekova, Amina"]
[Result "1/2-1/2"]
[Annotator "ChessBase"]
[ECO "B70"]
[WhiteElo "2292"]
[BlackElo "2336"]
[PlyCount "32"]
[EventDate "2025.02.23"]
[EventType "swiss"]
[EventCountry "MNE"]
[SourceTitle "playchess.com"]
[Source "ChessBase"]
[SourceQuality "1"]
[TimeControl "40/5400+30:1800+30"]

1. e4 c5 2. Nf3 d6 3. d4 cxd4 4. Nxd4 Nf6 5. Nc3 g6 6. h3 Nc6 7. Be3 Bg7 8. Qd2 O-O 9. O-O-O d5 10. exd5 Nxd5 11. Nxc6 bxc6 12. Nxd5 cxd5 13. Qxd5 Rb8 14. Qxd8 Bxb2+ 15. Kb1 Bd4+ 16. Kc1 Bb2+ 1/2-1/2

[Event "FIDE World Junior U20-ch Girls 2025"]
[Site "Petrovac"]
[Date "2025.02.27"]
[Round "3.4"]
[White "Savitha Shri B"]
[Black "Omonova, Umida"]
[Result "1/2-1/2"]
[Annotator "ChessBase"]
[ECO "B40"]
[WhiteElo "2332"]
[BlackElo "2228"]
[PlyCount "52"]
[EventDate "2025.02.23"]
[EventType "swiss"]
[EventCountry "MNE"]
[SourceTitle "playchess.com"]
[Source "ChessBase"]
[SourceQuality "1"]
[TimeControl "40/5400+30:1800+30"]

1. e4 c5 2. Nf3 e6 3. d4 cxd4 4. Nxd4 Nf6 5. Nc3 Nc6 6. a3 d5 7. exd5 exd5 8. Bb5 Bd7 9. O-O Be7 10. Be3 O-O 11. h3 Ne5 12. Bf4 Ng6 13. Bg3 Bc5 14. Bxd7 Qxd7 15. Nb3 Bb6 16. Qf3 Rfd8 17. Rad1 Rac8 18. Rd2 Qe6 19. Rfd1 Ne4 20. Rxd5 Rxd5 21. Nxd5 Nxg3 22. Qxg3 Rxc2 23. Nxb6 Qxb6 24. Rd6 Qc7 25. Rd2 Qe5 26. Qf4 Qxf4 1/2-1/2

[Event "FIDE World Junior U20-ch Girls 2025"]
[Site "Petrovac"]
[Date "2025.02.28"]
[Round "3.4"]
[White "Savitha Shri B"]
[Black "Omonova, Umida"]
[Result "1/2-1/2"]
[Annotator "ChessBase"]
[ECO "B40"]
[WhiteElo "2332"]
[BlackElo "2228"]
[PlyCount "61"]
[EventDate "2025.02.23"]
[EventType "swiss"]
[EventCountry "MNE"]
[SourceTitle "playchess.com"]
[Source "ChessBase"]
[SourceQuality "1"]
[TimeControl "40/5400+30:1800+30"]

1. e4 c5 2. Nf3 e6 3. d4 cxd4 4. Nxd4 Nf6 5. Nc3 Nc6 6. a3 d5 7. exd5 exd5 8. Bb5 Bd7 9. O-O Be7 10. Be3 O-O 11. h3 Ne5 12. Bf4 Ng6 13. Bg3 Bc5 14. Bxd7 Qxd7 15. Nb3 Bb6 16. Qf3 Rfd8 17. Rad1 Rac8 18. Rd2 Qe6 19. Rfd1 Ne4 20. Rxd5 Rxd5 21. Nxd5 Nxg3 22. Qxg3 Rxc2 23. Nxb6 Qxb6 24. Rd6 Qc7 25. Rd2 Qxg3 26. fxg3 Rxd2 27. Nxd2 Ne5 28. b4 f5 29. Kf2 Kf7 30. Ke3 Ke6 31. Kd4 1/2-1/2

[Event "FIDE World Junior U20-ch Girls 2025"]
[Site "Petrovac"]
[Date "2025.02.28"]
[Round "3.5"]
[White "Mungunzul, Bat-Erdene"]
[Black "Velpula Sarayu"]
[Result "1/2-1/2"]
[Annotator "ChessBase"]
[ECO "D30"]
[WhiteElo "2268"]
[BlackElo "2315"]
[PlyCount "50"]
[EventDate "2025.02.23"]
[EventType "swiss"]
[EventCountry "MNE"]
[SourceTitle "playchess.com"]
[Source "ChessBase"]
[SourceQuality "1"]
[TimeControl "40/5400+30:1800+30"]

1. d4 Nf6 2. c4 e6 3. Nf3 d5 4. Bg5 Nbd7 5. Nc3 Bb4 6. Qb3 c5 7. cxd5 exd5 8. a3 Bxc3+ 9. bxc3 Qa5 10. Nd2 O-O 11. dxc5 Qxc5 12. Be3 Qe7 13. Bd4 Nc5 14. Qb1 Bg4 15. e3 Rac8 16. Bd3 Nfe4 17. Bc2 Bf5 18. Nxe4 Nxe4 19. Qb3 Qh4 20. Bxe4 Bxe4 21. O-O Bxg2 22. Kxg2 Qg4+ 23. Kh1 Qf3+ 24. Kg1 Qg4+ 25. Kh1 Qf3+ 1/2-1/2

[Event "FIDE World Junior U20-ch Girls 2025"]
[Site "Petrovac"]
[Date "2025.02.28"]
[Round "3.6"]
[White "Toncheva, Nadya"]
[Black "Mgeladze, Kesaria"]
[Result "1/2-1/2"]
[Annotator "ChessBase"]
[ECO "B22"]
[WhiteElo "2311"]
[BlackElo "2219"]
[PlyCount "101"]
[EventDate "2025.02.23"]
[EventType "swiss"]
[EventCountry "MNE"]
[SourceTitle "playchess.com"]
[Source "ChessBase"]
[SourceQuality "1"]
[TimeControl "40/5400+30:1800+30"]

1. e4 c5 2. c3 Nf6 3. e5 Nd5 4. Nf3 Nc6 5. Bc4 Nb6 6. Bb3 c4 7. Bc2 d6 8. exd6 Qxd6 9. O-O g6 10. b3 Bg7 11. Na3 cxb3 12. axb3 O-O 13. d4 Rd8 14. Bg5 Be6 15. Re1 Qd7 16. Qd2 Rac8 17. Bh6 Bd5 18. Bd1 Bxf3 19. Bxf3 e5 20. Bxg7 Kxg7 21. Nc2 exd4 22. Nxd4 Nxd4 23. cxd4 Qxd4 24. Qxd4+ Rxd4 25. Rxa7 Rc3 26. Rb1 Rb4 27. h4 Rxh4 28. Rxb7 Rb4 29. Bd1 Nd5 30. Rxb4 Nxb4 31. Be2 h5 32. Bc4 Nc6 33. Be2 Nb4 34. Kf1 h4 35. Bc4 h3 36. gxh3 Rxh3 37. Kg2 Rc3 38. Rd1 Nc6 39. Rd5 f6 40. f4 g5 41. Rd7+ Kh6 42. Rd6 Na5 43. fxg5+ Kg6 44. Bg8 Kxg5 45. Rb6 f5 46. Bd5 Kf4 47. Kf2 Rc2+ 48. Kf1 Ke3 49. Rb5 Nc6 50. Bxc6 Rxc6 51. Rxf5 1/2-1/2

[Event "FIDE World Junior U20-ch Girls 2025"]
[Site "Petrovac"]
[Date "2025.02.28"]
[Round "3.7"]
[White "Balabayeva, Xeniya"]
[Black "Zhurova, Anna"]
[Result "0-1"]
[Annotator "ChessBase"]
[ECO "D35"]
[WhiteElo "2264"]
[BlackElo "2307"]
[PlyCount "111"]
[EventDate "2025.02.23"]
[EventType "swiss"]
[EventCountry "MNE"]
[SourceTitle "playchess.com"]
[Source "ChessBase"]
[SourceQuality "1"]
[TimeControl "40/5400+30:1800+30"]

1. d4 d5 2. c4 e6 3. Nc3 Nf6 4. cxd5 exd5 5. Bg5 Bb4 6. e3 h6 7. Bxf6 Qxf6 8. Qb3 Qd6 9. a3 Bxc3+ 10. Qxc3 O-O 11. Qb4 Qg6 12. Rc1 b6 13. Nf3 c5 14. dxc5 Na6 15. Qf4 Nxc5 16. Ne5 Qe6 17. Nf3 Qg6 18. Ne5 Qd6 19. Nd3 Qe7 20. Qb4 Nxd3+ 21. Bxd3 Qg5 22. Kf1 Bf5 23. Qd4 Rac8 24. Rd1 Qg6 25. g3 Bh3+ 26. Ke2 Qh5+ 27. Kd2 Bg2 28. Rhg1 Bf3 29. Rdf1 Be4 30. h4 Bxd3 31. Qxd3 Qf3 32. g4 Rfd8 33. Qf5 Qe4 34. Rc1 Rc4 35. Qxe4 dxe4+ 36. Ke2 Rdc8 37. Rxc4 Rxc4 38. Rd1 Rc2+ 39. Rd2 Rxd2+ 40. Kxd2 h5 41. gxh5 Kh7 42. Kc3 Kh6 43. Kd4 Kxh5 44. Kxe4 Kxh4 45. Kf4 Kh3 46. Kf3 g5 47. a4 f5 48. e4 g4+ 49. Ke3 fxe4 50. Kxe4 Kg2 51. Ke3 Kf1 52. b4 a6 53. b5 axb5 54. axb5 Ke1 55. f4 Kf1 56. Kd4 0-1

[Event "FIDE World Junior U20-ch Girls 2025"]
[Site "Petrovac"]
[Date "2025.02.28"]
[Round "3.8"]
[White "Wang, Chuqiao"]
[Black "Gaal, Zsoka"]
[Result "0-1"]
[Annotator "ChessBase"]
[ECO "E17"]
[WhiteElo "2227"]
[BlackElo "2404"]
[PlyCount "110"]
[EventDate "2025.02.23"]
[EventType "swiss"]
[EventCountry "MNE"]
[SourceTitle "playchess.com"]
[Source "ChessBase"]
[SourceQuality "1"]
[TimeControl "40/5400+30:1800+30"]

1. d4 Nf6 2. c4 e6 3. Nf3 b6 4. g3 Bb7 5. Bg2 Be7 6. O-O O-O 7. Re1 d5 8. cxd5 exd5 9. Nc3 Nbd7 10. Bf4 c5 11. Rc1 Ne4 12. dxc5 Bxc5 13. Nd4 Ndf6 14. a3 Rc8 15. Nxe4 dxe4 16. Nf5 Re8 17. Nd6 Bxd6 18. Qxd6 Nd5 19. Qxd8 Rcxd8 20. Red1 f6 21. Bf1 g5 22. Bd2 Ba6 23. e3 Bxf1 24. Kxf1 Kf7 25. Bc3 h5 26. Rd4 f5 27. Rcd1 Ke6 28. h3 g4 29. hxg4 hxg4 30. Ke1 Re7 31. Rc4 Rh7 32. Rc6+ Rd6 33. Rxd6+ Kxd6 34. Ke2 Rc7 35. Bd4 Rc2+ 36. Rd2 Rc1 37. Rd1 Rxd1 38. Kxd1 a5 39. b3 b5 40. Kc2 Kc6 41. Bc3 a4 42. Bd4 Nc7 43. Kc3 Nd5+ 44. Kc2 Nc7 45. Kc3 axb3 46. Kxb3 Ne6 47. Kc2 Nxd4+ 48. exd4 Kd5 49. Kc3 f4 50. gxf4 e3 51. Kd3 exf2 52. Ke2 Kxd4 53. f5 Ke5 54. Kxf2 Kxf5 55. Kg3 Ke5 0-1

[Event "FIDE World Junior U20-ch Girls 2025"]
[Site "Petrovac"]
[Date "2025.02.28"]
[Round "3.9"]
[White "Song, Yuxin"]
[Black "Zhapova, Yana"]
[Result "1/2-1/2"]
[Annotator "ChessBase"]
[ECO "A22"]
[WhiteElo "2381"]
[BlackElo "2234"]
[PlyCount "111"]
[EventDate "2025.02.23"]
[EventType "swiss"]
[EventCountry "MNE"]
[SourceTitle "playchess.com"]
[Source "ChessBase"]
[SourceQuality "1"]
[TimeControl "40/5400+30:1800+30"]

1. c4 e5 2. Nc3 Nf6 3. e3 d5 4. cxd5 Nxd5 5. Nf3 Nxc3 6. bxc3 Nc6 7. Bb5 Bd6 8. d4 Bd7 9. O-O O-O 10. Bxc6 Bxc6 11. dxe5 Bxf3 12. Qxf3 Bxe5 13. Ba3 Re8 14. Qxb7 Bxc3 15. Rad1 Qh4 16. Qc6 Be5 17. f4 Qf6 18. Qxf6 Bxf6 19. Rd3 Rad8 20. Rfd1 g6 21. Kf2 Rxd3 22. Rxd3 Re4 23. Rb3 h5 24. Rb8+ Kh7 25. Rb4 Re6 26. Ra4 Rc6 27. Kf3 Rc2 28. Rxa7 Rxa2 29. Bc5 Rxa7 30. Bxa7 Be7 31. Ke4 f5+ 32. Kd5 c6+ 33. Kxc6 Kg8 34. Bc5 Bf6 35. Bd4 Be7 36. Kd5 Kf7 37. h3 Bd8 38. Be5 Be7 39. Bc3 Bd8 40. Be1 Bb6 41. Bf2 Bd8 42. g4 hxg4 43. hxg4 Ba5 44. e4 fxe4 45. Kxe4 Bb4 46. f5 gxf5+ 47. Kxf5 Bd2 48. Bh4 Bc1 49. Bf6 Bd2 50. Bg5 Bc3 51. Bh6 Bb2 52. g5 Bd4 53. g6+ Kg8 54. Bg5 Bc5 55. Bf6 Bb6 56. Ke4 1/2-1/2